 Dungeon Crawl Stone Soup version 0.30-a0-528-g8c47a4955b (webtiles) character file.

Game seed: 6809290264781955591

24 jfcaron the Digger (level 3, -5/26 HPs)
             Began as a Meteoran Earth Elementalist on Dec 24, 2022.
             Slain by a scorpion (7 damage)
             ... on level 2 of the Dungeon.
             The game lasted 00:02:18 (463 turns).

jfcaron the Digger (Meteoran Earth Elementalist)     Turns: 463, Time: 00:02:19

Health: -5/26      AC:  2    Str:  9    XL:     3   Next: 32%
Magic:  5/7        EV: 12    Int: 19    God:
Gold:   27         SH:  0    Dex: 12    Spells: 2/8 levels left

rFire   . . .      SeeInvis .    (no weapon)
rCold   . . .      Faith    .    (no shield)
rNeg    . . .      Spirit   .    a - +0 robe
rPois   .          Reflect  .    (no helmet)
rElec   .          Harm     .    (no cloak)
rCorr   .          Rampage  .    (no gloves)
Will    .....                    (no boots)
Stlth   +                        (no amulet)
HPRegen 0.24/turn                (no ring)
MPRegen 0.10/turn                (no ring)

@: lethally poisoned (-5 -> -19), very slightly contaminated, glowing
A: sense surroundings 1, otherworldly, glowing, explore regen, clumsy 1, low MP
1
a: no special abilities


You were on level 2 of the Dungeon.
You visited 1 branch of the dungeon, and saw 2 of its levels.

You collected 27 gold pieces.

Inventory:

Armour
 a - a +0 robe (worn)
Scrolls
 c - a scroll of noise {unknown}
 d - 2 scrolls of butterflies {unknown}
 e - 2 scrolls of identify {unknown}
 f - a scroll of enchant armour {unknown}
 h - a scroll of vulnerability {unknown}
 i - a scroll of blinking {unknown}


   Skills:
 + Level 2.8 Dodging
 + Level 1.7 Stealth
 - Level 3.0 Spellcasting
 * Level 2.0 Transmutations
 + Level 3.9 Earth Magic


You had 2 spell levels left.
You knew the following spells:

 Your Spells              Type           Power      Damage    Failure   Level
a - Sandblast             Erth           34%        2d9       3%          1
b - Passwall              Tmut/Erth      11%        N/A       7%          2
c - Stone Arrow           Conj/Erth      20%        3d8       21%         3

Your spell library contained the following spells:

 Spells                   Type           Power      Damage    Failure   Level
 Foxfire                  Conj/Fire      8%         2x1d4     16%         1
 Petrify                  Tmut/Erth      14%        N/A       41%         4
 Fireball                 Conj/Fire      1%         3d3       99%         5
 Starburst                Conj/Fire      1%         6d3       100%        6


Dungeon Overview and Level Annotations

Branches:
Dungeon (2/15) Zot: 719

Altars:


Innate Abilities, Weirdness & Mutations

You passively map a small area around you.
You are easily found by Zot.
You glow in the dark.
You regain HP and MP as you explore.
You are clumsy. (Dex -2)
Your magical capacity is low. (-10% MP)


Message History

Casting: Stone Arrow (quite dangerous; 21% risk of failure)
Confirm with . or Enter, or press ? or * to list all spells.
Aiming: Sandblast (safe; 3% risk of failure)
Press: ? - help, Shift-Dir - straight line, f/p - scorpion
Aim: a scorpion (moderately wounded, 82% to hit)
The blast of sand misses the scorpion.
You feel sick. The scorpion stings you. x2
Magic courses through your body.
You feel sick. The scorpion stings you.
Casting: Sandblast (safe; 3% risk of failure)
Confirm with . or Enter, or press ? or * to list all spells.
Aiming: Sandblast (safe; 3% risk of failure)
Press: ? - help, Shift-Dir - straight line, f/p - scorpion
Aim: a scorpion (moderately wounded, 82% to hit)
Okay, then.
Unknown command.
Press: ? - help, v - describe, . - travel
Here: a scorpion (moderately wounded)
The floor.
Unknown command.
Casting: Sandblast (safe; 3% risk of failure)
Confirm with . or Enter, or press ? or * to list all spells.
Aiming: Sandblast (safe; 3% risk of failure)
Press: ? - help, Shift-Dir - straight line, f/p - scorpion
Aim: a scorpion (moderately wounded, 82% to hit)
The blast of sand hits the scorpion.
The scorpion is heavily wounded.
You feel sick. The scorpion stings you.
* * * LOW HITPOINT WARNING * * *
The scorpion barely misses you.
Casting: Sandblast (safe; 3% risk of failure)
Confirm with . or Enter, or press ? or * to list all spells.
Aiming: Sandblast (safe; 3% risk of failure)
Press: ? - help, Shift-Dir - straight line, f/p - scorpion
Aim: a scorpion (heavily wounded, 82% to hit)
The blast of sand hits the scorpion!
The scorpion is almost dead.
You feel sick. The scorpion stings you.
* * * LOW HITPOINT WARNING * * *
You are lethally poisoned!
The scorpion poisons you! The scorpion stings you!
You die...

,
#........#####.........
#.######.....#.######..
, #<# ###.#.### .. ,
#.# #.#...# * , ,,#.#
#.###.###* , * * #.#
#.# #...# , * ..#
###.###...# * *
##########.....'...#
#....$s@#.###...#** *
#.......#........... ,
........#.....#......
........##.##.#......
....?......##.#...... *
.........#.##.#......
.........*.##.# ..... *
* ......)..# *,, , ,,,


You could see a scorpion.

Vanquished Creatures
  3 bats (D:1)
  3 endoplasms (D:1)
  2 giant cockroaches (D:1)
  2 kobolds
  3 quokkas
  2 ball pythons (D:1)
  2 frilled lizards (D:1)
  6 rats
23 creatures vanquished.

Notes
Turn   | Place    | Note
-------+----------+-------------------------------------------
     0 | D:1      | jfcaron the Meteoran Earth Elementalist began the quest for
                  | the Orb.
     0 | D:1      | Reached XP level 1. HP: 14/14 MP: 5/5
   100 | D:1      | Reached XP level 2. HP: 20/20 MP: 4/6
   103 | D:1      | Learned a level 2 spell: Passwall
   147 | D:1      | Found a faded altar of an unknown god.
   223 | D:1      | Reached XP level 3. HP: 26/26 MP: 3/8
   227 | D:1      | Learned a level 3 spell: Stone Arrow
   450 | D:2      | Noticed a scorpion
   457 | D:2      | Gained mutation: Your magical capacity is low. (-10% MP)
                  | [potion of mutation]
   457 | D:2      | Gained mutation: You are clumsy. (Dex -2) [potion of
                  | mutation]
   457 | D:2      | HP: 5/26 [poisoned by a scorpion]
   462 | D:2      | HP: 4/26 [scorpion (6)]
   463 | D:2      | Slain by a scorpion

Illustrated notes

Levels and vault maps discovered:
D:1:      dpeg_arrival_leaves_temple_mockup, layout_rooms,
          chequers_ecumenical_altar_simple_redux, minmay_misc_feat_enclosed
D:2:      layout_basic, serial_shops, nicolae_shop_window_shopping, basic_altar,
          uniq_terence, uniq_sigmund, uniq_jessica

Skill      XL: |  1  2  3 |
---------------+----------+-----
Spellcasting   | 3 |  3.0
Transmutations | 2 |  2.0
Dodging        | |  2.8
Stealth        | |  1.7
Earth Magic    | |  3.9

Action                   || total
-------------------------++-------
Melee: Unarmed           ||     2
 Cast: Sandblast         ||    34
  Use: Potion            ||     3
Dodge: Dodged            ||    10

Table legend: (Time is in decaauts)
 A = Elapsed time spent in this place.
 B = Non-inter-level travel time spent in this place.
 C = Inter-level travel time spent in this place.
 D = Time resting spent in this place.
 E = Time spent auto-exploring this place.
 F = Levels seen in this place.
 G = Mean time per level.
                   A        B        C        D        E       F      G
               +--------+--------+--------+--------+--------+-----+--------+
         Total |    479 |    479 |      0 |      0 |    341 |   2 |  239.5 |
       Dungeon |    479 |    479 |      0 |      0 |    341 |   2 |  239.5 |
               +--------+--------+--------+--------+--------+-----+--------+

Top non-repeatable levels by time:
     D:1: 401 daAuts
     D:2: 77 daAuts
